Map: [G8] Dragon Scales

Players

Creator - Winner!

  • Race: Protoss Protoss
  • Spawn Location: 11:00

Serral

  • Race: Zerg Zerg
  • Spawn Location: 5:00

Event: Gamers8 2023

VOD

Have the link to the VOD?

Description

Time

  • Played on: Aug. 3, 2023, 6:27 a.m.
  • Length: 12:32

All games in this series

Show
View Real Time Build Order
Export as new Build Order

Creator Protoss - Winner!

Build Orders: 1 Gate Expand, Oracle Opening 

Get SALT Encoding   

  12  0:00  Probe  
  13  0:15  Pylon  
  13  0:17  Probe (Chrono Boost)  
  14  0:26  Probe (Chrono Boost)  
  15  0:32  Probe (Chrono Boost)  
  16  0:38  Gateway  
  16  0:44  Probe  
  16  0:48  Assimilator  
  17  0:56  Probe  
  18  1:08  Probe  
  19  1:20  Probe  
  20  1:25  Nexus  
  20  1:35  Cybernetics Core  
  20  1:37  Probe  
  21  1:42  Assimilator  
  21  1:49  Probe  
  22  1:55  Pylon  
  22  2:01  Probe  
  23  2:11  Adept (Chrono Boost)  
  23  2:14  Probe  
  26  2:17  Stargate  
  26  2:26  Warp Gate, Probe  
  27  2:31  Adept (Chrono Boost)  
  29  2:39  Probe (Chrono Boost)  
  31  2:45  Probe (Chrono Boost)  
  31  2:49  Probe (Chrono Boost)  
  33  2:52  Probe (Chrono Boost)  
  33  2:54  Adept, Probe (Chrono Boost)  
  36  3:01  Oracle (Chrono Boost)  
  36  3:03  Probe  
  40  3:06  Probe  
  40  3:12  Pylon  
  41  3:16  Probe  
  41  3:18  Probe  
  43  3:24  Adept  
  45  3:28  Probe  
  45  3:30  Probe  
  43  3:39  Void Ray (Chrono Boost)  
  43  3:40  Probe  
  48  3:42  Gateway  
  48  3:44  Probe  
  49  3:53  Probe  
  50  3:56  Probe  
  51  4:05  Assimilator, Probe  
  51  4:07  Pylon, Assimilator  
  51  4:09  Probe  
  53  4:10  Pylon  
  53  4:17  Probe  
  53  4:19  Pylon  
  53  4:22  Oracle (Chrono Boost)  
  54  4:25  Probe  
  54  4:28  Adept  
  54  4:29  Probe  
  61  4:37  Probe  
  62  4:39  Nexus  
  62  4:41  Pylon, Probe  
  63  4:49  Probe  
  63  4:52  Oracle (Chrono Boost)  
  67  4:53  Probe  
  67  4:59  Adept x2  
  72  5:02  Probe  
  72  5:05  Probe  
  72  5:06  Twilight Council  
  74  5:07  Forge  
  74  5:12  Shield Battery  
  74  5:17  Probe  
  74  5:18  Probe  
  76  5:29  Sentry, Probe  
  76  5:30  Probe, Shield Battery, Stalker  
  82  5:41  Probe  
  82  5:42  Probe  
  80  5:46  Protoss Ground Weapons Level 1 (Chrono Boost)  
  80  5:47  Blink (Chrono Boost)  
  76  5:52  Gateway  
  76  5:53  Gateway  
  76  5:54  Probe x2 (Chrono Boost)  
  79  5:57  Sentry  
  79  5:58  Stalker  
  79  6:00  Probe (Chrono Boost)  
  79  6:03  Probe (Chrono Boost)  
  85  6:04  Probe (Chrono Boost)  
  85  6:05  Gateway  
  85  6:07  Probe (Chrono Boost)  
  85  6:08  Probe (Chrono Boost)  
  87  6:12  Shield Battery  
  87  6:16  Probe  
  87  6:17  Gateway  
  87  6:18  Probe  
  87  6:20  Forge  
  87  6:23  Stalker x2  
  92  6:27  Probe  
  92  6:29  Pylon  
  93  6:34  Photon Cannon  
  93  6:38  Nexus  
  93  6:41  Pylon  
  93  6:43  Robotics Facility  
  93  6:47  Probe x3  
  93  6:50  Stalker  
  93  6:51  Stalker  
  100  6:58  Stalker x2  
  100  7:00  Assimilator  
  104  7:05  Photon Cannon  
  104  7:06  Shield Battery  
  104  7:10  Probe x3  
  107  7:21  Assimilator  
  107  7:22  Probe x2  
  108  7:23  Stalker, Gateway, Probe  
  108  7:24  Gateway, Stalker  
  108  7:29  Warp Prism (Chrono Boost)  
  114  7:31  Protoss Ground Armor Level 1 (Chrono Boost)  
  114  7:37  Pylon  
  116  7:38  Pylon, Probe  
  116  7:39  Pylon  
  117  7:46  Protoss Ground Weapons Level 2 (Chrono Boost), Robotics Bay  
  117  7:48  Robotics Facility  
  117  7:50  Probe  
  117  7:51  Sentry  
  120  7:56  Probe x2  
  120  7:57  Probe  
  120  7:58  Observer  
  124  8:00  Assimilator  
  124  8:01  Zealot, Assimilator  
  124  8:02  Zealot x2, Probe  
  131  8:07  Stalker  
  131  8:10  Pylon  
  133  8:14  Probe x3  
  133  8:18  Pylon  
  136  8:20  Photon Cannon  
  136  8:29  Phoenix  
  136  8:30  Colossus (Chrono Boost)  
  136  8:31  Colossus (Chrono Boost)  
  136  8:32  Stalker x2  
  146  8:34  Pylon  
  146  8:36  Extended Thermal Lance  
  146  8:37  Charge  
  152  8:43  Pylon  
  152  8:44  Stalker  
  152  8:45  Stalker  
  156  8:53  Gateway  
  156  8:55  Gateway  
  154  8:58  Templar Archives  
  150  9:13  Colossus (Chrono Boost)  
  150  9:14  Colossus (Chrono Boost)  
  150  9:15  Photon Cannon  
  162  9:17  Pylon  
  162  9:19  Photon Cannon, Protoss Ground Armor Level 2 (Chrono Boost)  
  162  9:27  Zealot x3, Nexus  
  162  9:29  Zealot x3  
  169  9:44  Protoss Ground Weapons Level 3 (Chrono Boost)  
  169  9:52  Disruptor (Chrono Boost)  
  169  9:58  Pylon  
  172  10:01  Disruptor (Chrono Boost)  
  172  10:02  High Templar x2  
  172  10:04  Zealot x3  
  185  10:08  Archon  
  185  10:10  Gateway  
  179  10:22  High Templar x2  
  179  10:23  Zealot x4  
  179  10:26  Archon  
  192  10:30  Stalker x2  
  192  10:32  Observer (Chrono Boost)  
  192  10:34  Immortal (Chrono Boost)  
  196  10:38  Photon Cannon  
  196  10:40  Photon Cannon  
  190  10:51  Gateway  
  190  10:52  Zealot x3, Gateway  
  190  10:53  Zealot x3, Stalker  
  190  10:55  Stalker x3  
  192  11:04  Pylon  
  192  11:05  Photon Cannon  
  192  11:10  High Templar  
  190  11:14  High Templar x4  
  188  11:19  Archon  
  188  11:25  Archon  
  158  11:28  Zealot x2, High Templar x2  
  158  11:29  Zealot x2  
  158  11:32  Archon  
  166  11:39  Immortal x2  
  146  11:48  Zealot x4  
  146  11:49  Zealot x7  
  146  12:11  Stalker  
  146  12:12  Zealot x8, Stalker  
  146  12:13  Zealot x2  
Show
View Real Time Build Order
Export as new Build Order

Serral Zerg 

Build Orders: Hatch First 

Get SALT Encoding   

  12  0:00  Drone  
  13  0:08  Drone  
  14  0:14  Extractor, Drone  
  15  0:37  Hatchery  
  15  0:42  Extractor, Drone  
  14  0:48  Overlord  
  15  1:03  Spawning Pool  
  14  1:06  Drone  
  14  1:11  Drone  
  16  1:14  Drone  
  16  1:17  Drone  
  18  1:28  Extractor, Drone  
  18  1:38  Drone  
  19  1:49  Queen x2  
  19  1:50  Zergling x2  
  19  1:53  Drone  
  25  2:01  Drone  
  26  2:03  Overlord  
  26  2:11  Drone x2  
  28  2:22  Drone x2  
  30  2:27  Queen  
  32  2:31  Drone  
  32  2:36  Overlord  
  33  2:41  Metabolic Boost  
  33  2:52  Hatchery  
  33  2:54  Drone  
  33  3:01  Zergling x4  
  33  3:02  Drone x2  
  36  3:06  Zergling x2  
  36  3:07  Drone  
  36  3:08  Drone  
  39  3:15  Drone  
  39  3:16  Overlord  
  38  3:29  Drone x2  
  39  3:34  Drone x4  
  39  3:37  Queen  
  39  3:40  Drone x2  
  46  3:42  Drone  
  46  3:47  Drone  
  46  3:48  Drone  
  49  3:53  Queen  
  49  3:59  Spore Crawler  
  49  4:00  Drone  
  49  4:02  Drone  
  49  4:07  Drone x2  
  51  4:12  Drone x3  
  54  4:17  Overlord  
  54  4:19  Overlord  
  54  4:23  Overlord  
  54  4:31  Extractor  
  53  4:38  Drone x6  
  59  4:45  Spore Crawler, Roach Warren  
  59  4:46  Spore Crawler  
  59  4:49  Drone  
  59  4:51  Drone  
  59  4:52  Drone x5  
  63  4:57  Queen  
  65  5:01  Zergling x4  
  65  5:02  Drone x2  
  69  5:09  Overlord  
  69  5:10  Drone x3  
  69  5:11  Drone  
  73  5:15  Extractor, Lair  
  73  5:18  Zergling x2  
  70  5:22  Drone  
  70  5:23  Drone x2  
  70  5:27  Overlord  
  73  5:31  Hatchery  
  72  5:39  Zergling x4  
  72  5:42  Drone x8  
  79  5:46  Extractor  
  79  5:47  Drone  
  79  5:49  Evolution Chamber, Drone x2  
  79  5:50  Drone  
  79  5:53  Drone  
  79  5:55  Extractor  
  79  5:56  Drone  
  81  5:59  Overlord  
  81  6:01  Drone  
  81  6:07  Extractor, Drone x3  
  83  6:12  Drone  
  83  6:13  Evolution Chamber, Drone x2  
  83  6:14  Drone  
  83  6:15  Drone x3  
  83  6:17  Glial Reconstitution  
  89  6:19  Zerg Melee Weapons Level 1  
  89  6:23  Drone x2  
  91  6:28  Overlord  
  91  6:31  Roach x2  
  95  6:35  Roach  
  97  6:40  Overlord x5  
  97  6:41  Overlord  
  97  6:45  Roach, Baneling Nest  
  97  6:47  Roach x3  
  104  6:53  Overlord  
  104  6:58  Roach x4  
  104  7:01  Roach x2  
  114  7:08  Queen  
  112  7:09  Zergling x2  
  112  7:10  Zergling x10  
  112  7:11  Ravager x2  
  112  7:12  Ravager  
  118  7:17  Spore Crawler  
  118  7:21  Zergling x14  
  124  7:33  Drone x6  
  124  7:34  Drone x3  
  124  7:35  Drone  
  134  7:38  Infestation Pit  
  134  7:39  Overseer  
  134  7:41  Extractor, Drone x7  
  138  7:45  Centrifugal Hooks  
  138  7:46  Evolution Chamber  
  138  7:51  Drone x3  
  139  7:58  Drone  
  139  7:59  Drone x3  
  139  8:03  Hatchery  
  139  8:04  Overlord, Spore Crawler  
  139  8:05  Extractor  
  140  8:06  Extractor  
  140  8:08  Zergling x2  
  140  8:09  Zergling x12  
  146  8:14  Zerg Melee Weapons Level 2, Zerg Missile Weapons Level 1  
  146  8:17  Hive  
  146  8:21  Zergling x2  
  146  8:22  Zergling x10  
  146  8:25  Drone x2  
  153  8:28  Zergling x8  
  153  8:31  Overlord  
  157  8:36  Zergling x14  
  164  8:42  Roach x2  
  164  8:43  Roach  
  170  8:48  Roach, Zergling x2  
  170  8:49  Roach, Zergling x2  
  173  8:57  Drone  
  173  8:58  Drone x2  
  173  9:01  Overlord  
  175  9:03  Overlord  
  175  9:05  Overlord x3  
  175  9:08  Baneling  
  175  9:09  Baneling x8  
  175  9:18  Zergling x12  
  181  9:24  Baneling x4  
  181  9:25  Baneling x9  
  181  9:30  Viper x2  
  181  9:31  Adrenal Glands  
  187  9:32  Zergling x2  
  187  9:33  Zergling x24  
  187  9:38  Zergling x4  
  194  9:55  Zergling x12  
  200  10:04  Baneling  
  200  10:05  Baneling x2  
  199  10:11  Zergling x12  
  195  10:21  Baneling x6  
  195  10:25  Baneling x15  
  195  10:26  Baneling x11  
  195  10:27  Spire  
  194  10:28  Zergling x2  
  194  10:29  Zergling x8  
  196  10:46  Spore Crawler  
  187  10:50  Zergling x28  
  191  10:59  Roach x3, Zergling x2  
  191  11:00  Zergling x18  
  192  11:10  Baneling x25  
  179  11:12  Roach x3, Zergling x8  
  179  11:16  Zergling x4  
  184  11:23  Zergling x12  
  167  11:25  Roach x4  
  167  11:31  Roach x2  
  159  11:35  Roach x2  
  148  11:40  Baneling x2  
  148  11:42  Roach x3  
  148  11:44  Roach x2  
  148  11:46  Queen x3  
  150  11:51  Roach x2  
  150  11:52  Queen x2  
  147  11:57  Roach x7  
  147  12:01  Roach x3  
  158  12:06  Roach x2  
  147  12:11  Roach x3  
  147  12:28  Roach Warren  
Tags
 
Add a new tag
Caveats
  • Supply blocks, unpowered buildings, or Contaminate may cause inaccurate times.
  • Supply counts are checked every 10 seconds.